 Dungeon Crawl Stone Soup version 0.28-a0-1412-gf95308ed99 (webtiles) character file.

Game seed: 15532752628885453891

1072 ipx the Bolt Thrower (level 8, 0/46 HPs)
             Began as a Gargoyle Arcane Marksman on Jan 6, 2022.
             Slain by an ogre (16 damage)
             ... on level 6 of the Dungeon.
             The game lasted 00:27:29 (1967 turns).

ipx the Bolt Thrower (Gargoyle Arcane Marksman)     Turns: 1967, Time: 00:27:29

Health: 0/46       AC: 11    Str: 16    XL:     8   Next: 28%
Magic:  9/9        EV: 11    Int: 14    God:
Gold:   127        SH:  5    Dex: 16    Spells: 8/9 levels left

rFire   . . .      SeeInvis .   b - +2 hand axe (elec)
rCold   . . .      Faith    .   (no shield)
rNeg    + . .      Spirit   .   g - +1 ring mail
rPois   ∞          Reflect  +   (no helmet)
rElec   +          Harm     .   (no cloak)
rCorr   .          Rampage  .   (no gloves)
Will    .....                   (no boots)
Stlth   +.........              X - amulet of reflection
HPRegen 0.15/turn               D - +6 ring of dexterity
MPRegen 0.11/turn               (no ring)

@: no status effects
A: sickness immunity, AC +5, negative energy resistance 1, electricity
resistance, torment resistance 1, petrification resistance
a: no special abilities


You were on level 6 of the Dungeon.
You visited 1 branch of the dungeon, and saw 6 of its levels.

You collected 127 gold pieces.

Inventory:

Hand Weapons
 a - a +0 hand crossbow
 b - a +2 hand axe of electrocution (weapon)
 w - a +1 vampiric glaive
Missiles
 c - 81 bolts
Armour
 g - a +1 ring mail (worn)
 v - a +0 chain mail of poison resistance
 y - a scarf of shadows
Jewellery
 o - a ring of wizardry
 D - a +6 ring of dexterity (left hand)
 X - an amulet of reflection (around neck)
Wands
 j - a wand of iceblast (2)
 m - a wand of acid (3)
 u - a wand of polymorph (7)
Scrolls
 e - a scroll of magic mapping
 f - 2 scrolls of enchant armour
 h - a scroll of enchant weapon
 i - 2 scrolls of teleportation
 l - a scroll of acquirement {unknown}
 n - a scroll of fog {unknown}
 s - a scroll of summoning {unknown}
Potions
 d - a potion of lignification
 k - 3 potions of flight
 p - a potion of curing {unknown}
 q - a potion of might {unknown}
 r - a potion of heal wounds {unknown}
 t - a potion of degeneration {unknown}
 x - a potion of haste {unknown}


   Skills:
 - Level 3.1 Fighting
 + Level 5.3 Axes
 - Level 6.0 Crossbows
 - Level 1.5 Dodging
 - Level 1.0 Spellcasting
 - Level 2.6 Hexes
 - Level 3.0 Evocations


You had 8 spell levels left.
You knew the following spells:

 Your Spells              Type           Power      Damage    Failure   Level
s - Slow                  Hex            32%        N/A       17%         1

Your spell library contained the following spells:

 Spells                   Type           Power      Damage    Failure   Level
 Sandblast                Erth           0%         2d4       45%         1
 Passwall                 Tmut/Erth      0%         N/A       58%         2
 Inner Flame              Hex/Fire       4%         N/A       65%         3
 Portal Projectile        Hex/Tloc       8%         N/A       65%         3
 Conjure Flame            Conj/Fire      0%         6-21      83%         3
 Ignite Poison            Fire/Tmut/Pois 0%         N/A       83%         3
 Stone Arrow              Conj/Erth      0%         3d7       83%         3
 Cause Fear               Hex            4%         N/A       86%         4
 Sticky Flame             Conj/Fire      0%         2d3       99%         4


Dungeon Overview and Level Annotations

Branches:
Dungeon (6/15)
 Temple: D:4-7

Altars:

Shops:
D:5 :

Portals:
Ossuary: D:6


Innate Abilities, Weirdness & Mutations

You are immune to sickness and miasma.
Your stone body is resilient. (AC +5)
You are immune to poison.
You resist negative energy. (rN+)
You are resistant to electric shocks. (rElec)
You are resistant to unholy torment.
You are immune to petrification.


Message History

The phantom is lightly damaged.
The helpless ogre fails to defend itself.
You hit the ogre but do no damage. The phantom closely misses you.
The ogre barely misses you.
Found a quarterstaff.
The hobgoblin zombie hits you.
You closely miss the phantom.
The phantom is lightly damaged.
You hit the hobgoblin zombie.
The phantom hits you but does no damage.
The hobgoblin zombie barely misses you.
You hit the phantom. Lightning courses through the phantom!
The phantom is severely damaged.
You hit the hobgoblin zombie but do no damage.
The phantom hits you but does no damage.
The hobgoblin zombie hits you.
You hit the phantom but do no damage.
The phantom is severely damaged.
You barely miss the hobgoblin zombie.
You hear the slow hiss of an avalanche of sand.
The phantom hits you but does no damage.
The hobgoblin zombie hits you but does no damage.
You hit the phantom but do no damage.
The phantom is severely damaged.
You hit the hobgoblin zombie.
Lightning courses through the hobgoblin zombie!
You destroy the hobgoblin zombie!
The phantom hits you!
The phantom blinks!
You blink.
Your Axes skill increases to level 5!
You hit the phantom.
The phantom is almost destroyed.
The phantom hits you.
The phantom blinks!
You blink.
You slash the phantom! Lightning courses through the phantom!!
You destroy the phantom!
Aiming: Corrosive Bolt
Press: ? - help, Shift-Dir - straight line, f - ogre
Aim: an ogre, wielding a +0 giant club (88% to hit)
The bolt of acid hits the ogre!!
The acid corrodes the ogre!
The ogre is almost dead.
The ogre hits you with a +0 giant club!
You die...

*,,,,******#.,,* **********,,,,,,
*,,,,**,,.,#.,,***,,,,,,,,,,***,,
**,,,,,,,..#..,,,,,***********,,*
,*,**,,,,......#########**###*,**
,,,**,***.........##...##)..#,^*
,,,**,* *......##.#..........,**
*,,,,,* *...∩.....§.§........,*
*,,*,** *,....##O#...........,*
*,,,,****,#.,**#@#......(....,*
*,,*,,,,,,,,** #†##..........****
,,,,,,*,,**,,* #.###........#,,,,
,,,,,,,,****,**#.####....#...,,,,
,,,,,,,,***#..##...........#.,,,,
,,,,,,,,**.................#*,,,,
,,,,,,,,,*....#............##.,,,
,,,,,,,,,*...,#...............***
>,,,,,,,,>.,....#..........#***


You could see an ogre (corroded).

Vanquished Creatures
  Grinder (D:3)
  An orc warrior (D:5)
  An ogre (D:4)
  A centaur (D:4)
  A phantom (D:6)
  3 scorpions
  A water moccasin skeleton (D:4)
  A hound (D:4)
  A jelly (D:4)
  Natasha (D:2)
  2 iguanas
  An orc wizard (D:5)
  A killer bee zombie (D:4)
  4 adders
  A white imp (D:6)
  2 ufetubi
  2 adder skeletons (D:4)
  3 worms
  A dart slug (D:3)
  9 orcs
  6 endoplasms
  8 goblins
  4 hobgoblins
  2 quokkas
  6 ball pythons
  5 bats
  3 frilled lizards
  A hobgoblin zombie (D:6)
  12 kobolds
  2 rats
  A rat zombie (D:6)
88 creatures vanquished.

Vanquished Creatures (others)
  3 plants (D:3)
3 creatures vanquished.

Grand Total: 91 creatures vanquished

Notes
Turn   | Place    | Note
-------+----------+-------------------------------------------
     0 | D:1      | ipx the Gargoyle Arcane Marksman began the quest for the
                  | Orb.
     0 | D:1      | Reached XP level 1. HP: 12/12 MP: 2/2
   137 | D:1      | Reached XP level 2. HP: 16/17 MP: 3/3
   299 | D:2      | Reached XP level 3. HP: 22/22 MP: 4/4
   410 | D:2      | Noticed Natasha
   418 | D:2      | Killed Natasha
   419 | D:2      | Reached skill level 3 in Crossbows
   472 | D:1      | Reached XP level 4. HP: 6/27 MP: 5/5
   888 | D:4      | Reached skill level 1 in Evocations
   888 | D:4      | Reached XP level 5. HP: 32/32 MP: 6/6
   962 | D:4      | Reached skill level 4 in Crossbows
  1165 | D:5      | Entered Level 5 of the Dungeon
  1225 | D:5      | Noticed an ogre
  1344 | D:4      | Noticed an ogre
  1345 | D:4      | Noticed a centaur
  1349 | D:4      | Killed an ogre
  1350 | D:4      | Reached XP level 6. HP: 15/37 MP: 7/7
  1351 | D:4      | Reached skill level 5 in Crossbows
  1544 | D:3      | Noticed Grinder
  1549 | D:3      | Paralysed by Grinder for 3 turns
  1570 | D:3      | Killed Grinder
  1571 | D:3      | Reached skill level 6 in Crossbows
  1571 | D:3      | Reached XP level 7. HP: 23/41 MP: 8/8
  1744 | D:5      | Found Joyddinu's Book Shop.
  1810 | D:5      | Reached XP level 8. HP: 20/46 MP: 9/9
  1946 | D:6      | Found a sand-covered staircase.
  1965 | D:6      | Reached skill level 5 in Axes
  1967 | D:6      | Slain by an ogre

Illustrated notes

Levels and vault maps discovered:
D:1:      dpeg_arrival_rooms_a, layout_loops_ring
D:2:      layout_basic, kennysheep_generic_room_7, uniq_natasha
D:3:      cheibrodos_old_hovel, layout_loops_cross,
          shapermc_ecumenical_altar_rom_forum, uniq_grinder
D:4:      minmay_opposing_rooms, layout_loops_ring, makhleb_altar_promises_db,
          dk_noncrumbling_3
D:5:      layout_gridville, temple_statues, nicolae_inconvenience_store,
          st_stairs_9, minmay_misc_feat_roman
D:6:      layout_rooms, enter_ossuary_3, minmay_bent, uniq_menkaure

Skill      XL: |  1  2  3  4  5  6  7  8 |
---------------+-------------------------+-----
Fighting       | 2 3 |  3.1
Crossbows      | 3 4 6 |  6.0
Evocations     | 1 2 3 |  3.0
Axes           | 2 4 5 |  5.3
Dodging        | |  1.5
Spellcasting   | |  1.0
Hexes          | |  2.6

Action                   |  1- 3 |  4- 6 |  7- 9 || total
-------------------------+-------+-------+-------++-------
Melee: Short sword       |    33 |    20 |       ||    53
       Punch             |       |     1 |       ||     1
       Long sword        |       |    15 |       ||    15
       Hand axe          |       |     6 |    39 ||    45
       Glaive            |       |       |    15 ||    15
 Fire: Hand crossbow     |    41 |    99 |    17 ||   157
 Cast: Slow              |     2 |       |       ||     2
Evoke: Wand              |       |     7 |     5 ||    12
  Use: Scroll            |       |     6 |     1 ||     7
 Stab: Sleeping          |       |       |     1 ||     1
Armor: Ring mail         |    25 |    62 |    24 ||   111
       Leather armour    |     3 |       |       ||     3
Dodge: Dodged            |    27 |    74 |    24 ||   125
Block: Other             |       |       |     1 ||     1

Table legend: (Time is in decaauts)
 A = Elapsed time spent in this place.
 B = Non-inter-level travel time spent in this place.
 C = Inter-level travel time spent in this place.
 D = Time resting spent in this place.
 E = Time spent auto-exploring this place.
 F = Levels seen in this place.
 G = Mean time per level.
                   A        B        C        D        E       F      G
               +--------+--------+--------+--------+--------+-----+--------+
         Total |   2030 |   2030 |      0 |      0 |      0 |   6 |  338.3 |
       Dungeon |   2030 |   2030 |      0 |      0 |      0 |   6 |  338.3 |
               +--------+--------+--------+--------+--------+-----+--------+

Top non-repeatable levels by time:
     D:4: 542 daAuts
     D:2: 380 daAuts
     D:3: 361 daAuts
     D:5: 322 daAuts
     D:1: 319 daAuts
     D:6: 104 daAuts
